Map: Acropolis LE

Players

LovePeggy - Winner!

  • Race: Terran Terran
  • League: Platinum
  • Spawn Location: 5:00

Taku

  • Race: Protoss Protoss
  • League: Diamond
  • Spawn Location: 11:00

VOD

Have the link to the VOD?

Description

これで負けるなんて

Time

  • Played on: June 8, 2019, 12:53 p.m.
  • Length: 23:42
Show
View Real Time Build Order
Export as new Build Order

LovePeggy Terran - Winner!

Build Orders: Liberator Opening 

Get SALT Encoding   

  12  0:01  SCV  
  13  0:13  SCV  
  14  0:17  Supply Depot  
  14  0:25  SCV  
  15  0:39  SCV  
  15  0:41  Barracks  
  16  0:51  SCV  
  16  0:52  Refinery  
  17  1:03  SCV  
  18  1:15  SCV  
  19  1:30  Marine  
  20  1:37  Orbital Command  
  20  1:41  Supply Depot  
  20  1:48  Marine  
  21  2:02  Factory  
  21  2:04  SCV  
  21  2:07  Marine  
  23  2:15  Command Center  
  23  2:17  SCV  
  24  2:27  Marine  
  25  2:33  SCV  
  25  2:35  Refinery  
  26  2:40  Supply Depot  
  26  2:48  Starport  
  26  2:49  Marine, Widow Mine  
  29  2:55  SCV  
  29  3:07  SCV  
  29  3:09  Liberator  
  29  3:11  Reaper  
  34  3:29  Orbital Command  
  34  3:32  Barracks  
  34  3:33  Factory Tech Lab  
  34  3:36  SCV  
  35  3:43  Orbital Command  
  35  3:48  SCV  
  35  3:53  Barracks Tech Lab  
  36  4:00  SCV  
  36  4:02  Barracks  
  36  4:16  SCV  
  35  4:17  SCV  
  32  4:29  Marine, Stimpack  
  32  4:31  Cyclone  
  36  4:34  SCV  
  36  4:35  SCV  
  36  4:37  Engineering Bay  
  33  5:18  SCV x2  
  33  5:20  Marine  
  34  5:22  Barracks Reactor  
  34  5:24  Barracks Reactor  
  34  5:27  Starport Reactor, Barracks  
  34  5:31  SCV  
  34  5:32  SCV, Missile Turret  
  34  5:33  Missile Turret  
  36  5:42  Marauder  
  38  5:43  SCV  
  38  5:44  SCV  
  40  5:52  Command Center  
  40  5:55  SCV  
  40  5:56  SCV  
  42  6:01  Marine x2  
  42  6:02  Marine x2  
  42  6:04  Medivac x2  
  50  6:07  SCV  
  50  6:08  SCV  
  52  6:16  Refinery  
  52  6:17  Refinery  
  49  6:19  SCV  
  49  6:20  SCV  
  49  6:21  Marauder, Marine  
  49  6:22  Barracks Tech Lab  
  49  6:23  Terran Infantry Weapons Level 1  
  54  6:26  Supply Depot  
  54  6:40  SCV  
  54  6:41  Marine  
  54  6:48  Marauder x2, SCV, Marine x3  
  62  6:55  Supply Depot  
  62  6:58  Supply Depot  
  62  7:03  SCV, Medivac  
  62  7:05  Combat Shield  
  62  7:06  Concussive Shells  
  62  7:07  Marine x2  
  67  7:09  Factory Reactor  
  67  7:14  Marauder, Marine  
  70  7:21  Orbital Command  
  70  7:35  Marine x3  
  70  7:36  Marine  
  74  7:37  Marauder  
  75  7:49  Liberator x2  
  75  7:50  Orbital Command  
  75  7:56  Marine x3  
  75  7:57  Marauder, Marine  
  81  8:05  SCV  
  82  8:07  SCV  
  82  8:10  Missile Turret  
  89  8:19  SCV  
  89  8:23  SCV  
  89  8:24  SCV  
  90  8:30  Supply Depot x2  
  90  8:32  SCV  
  91  8:35  SCV  
  91  8:36  Engineering Bay  
  91  8:38  SCV  
  93  8:42  Armory  
  93  8:45  Missile Turret  
  93  8:48  Supply Depot  
  93  8:51  SCV x2  
  93  8:52  Widow Mine x2  
  99  8:56  Factory, SCV, Liberator x2  
  100  9:08  SCV, Marine  
  100  9:09  Marine x4  
  108  9:10  Marauder  
  108  9:16  SCV  
  115  9:17  Terran Infantry Armor Level 1  
  112  9:59  Marine x4  
  108  10:00  Marauder  
  96  10:26  Liberator x2  
  82  10:43  Marine x2  
  82  10:44  Marine x3  
  82  10:45  Marauder  
  94  11:01  Marine x2  
  91  11:04  Terran Infantry Weapons Level 2  
  91  11:05  Marine x2  
  91  11:06  Marauder  
  91  11:07  Marauder, SCV x2  
  91  11:08  Liberator  
  91  11:09  Liberator  
  95  11:19  Marine x2  
  95  11:22  SCV  
  95  11:23  SCV x2, Marine  
  101  11:28  Marauder  
  101  11:32  Terran Infantry Armor Level 2, Armory  
  109  11:33  Supply Depot  
  109  11:34  Command Center, Terran Ship Weapons Level 1  
  109  11:35  SCV x2  
  109  11:36  SCV, Starport  
  109  11:37  Starport x2  
  109  11:38  Refinery  
  112  11:40  Refinery  
  112  11:43  Sensor Tower  
  112  11:46  Marine  
  113  11:47  SCV  
  113  11:49  Command Center  
  113  11:50  SCV x2  
  113  11:51  Liberator  
  116  12:01  Fusion Core  
  116  12:04  Marine x2  
  116  12:05  Marauder, Marine  
  121  12:11  Liberator  
  121  12:12  Missile Turret  
  123  12:32  Marine x2  
  123  12:33  Marine x4  
  122  12:38  Medivac  
  124  12:44  Medivac  
  124  12:47  Starport Tech Lab  
  124  12:48  Orbital Command  
  124  12:50  Marine x4  
  123  13:01  Marine x2  
  125  13:12  Barracks  
  125  13:17  Barracks  
  125  13:18  Terran Vehicle And Ship Armor Level 1  
  125  13:19  Marauder, Barracks  
  127  13:34  Starport Tech Lab x2  
  127  13:36  Battlecruiser  
  127  13:37  Medivac x2  
  137  13:51  Marine x2  
  137  13:52  Marauder x2, Marine  
  141  14:23  Marine x3  
  141  14:24  Marauder, Marine  
  116  14:32  Marauder  
  118  14:40  Battlecruiser  
  118  14:41  Marine  
  118  14:42  Battlecruiser x2  
  118  14:43  Medivac x2  
  142  14:46  Marauder  
  142  14:54  Terran Infantry Weapons Level 3  
  142  14:55  Terran Ship Weapons Level 2  
  142  14:57  Weapon Refit  
  141  15:25  Barracks Reactor  
  141  15:26  Barracks Tech Lab  
  141  15:30  SCV, Refinery  
  141  15:31  Refinery  
  141  15:34  Medivac x2, Liberator x3  
  146  15:47  Liberator  
  151  16:13  Command Center  
  151  16:16  Marine x4  
  151  16:17  Marine x2  
  128  16:25  Marauder x2, Marine  
  124  16:34  Marine x4  
  124  16:35  Marauder x2  
  132  16:40  Marine  
  132  16:42  Marine  
  132  16:46  Marauder  
  133  16:50  Marauder  
  135  16:56  Marauder  
  131  17:05  Marine  
  131  17:06  Marine x5  
  130  17:09  SCV  
  130  17:10  SCV x3  
  130  17:12  Liberator  
  124  17:23  Orbital Command  
  124  17:25  Missile Turret  
  124  17:28  Battlecruiser x3  
  115  18:01  SCV  
  115  18:02  SCV  
  115  18:03  Marine x4  
  115  18:04  Marauder x3, Marine x3  
  120  18:21  Marine x5  
  120  18:22  Marauder, Marine  
  120  18:26  Marauder x3  
  130  18:44  Marauder  
  121  19:06  Marine x6  
  121  19:07  Marauder x3, Marine  
  133  19:18  SCV x3  
  133  19:24  Marine x5  
  137  19:25  Marauder  
  137  19:28  Marauder x3  
  149  19:46  Marauder, SCV  
  149  19:48  Marine  
  149  19:50  Marauder x2  
  150  20:00  SCV x2  
  150  20:04  Terran Infantry Armor Level 3  
  139  20:33  Marine x3  
  139  20:34  Marauder x2, Marine x4  
  139  20:35  Marauder  
  150  20:48  Liberator x2  
  149  20:51  Marine x5  
  149  20:52  Marauder  
  149  20:56  Marauder  
  158  21:01  Marine x3  
  161  21:04  Starport Tech Lab x3  
  161  21:09  Marine x4  
  171  21:14  Marauder  
  171  21:17  Marauder, Engineering Bay  
  174  21:19  Marauder  
  174  21:20  Marauder  
  178  21:27  Marine  
  178  21:31  Liberator  
  179  21:37  Marine x2  
  179  21:39  Marine x2  
  179  21:46  Marine  
  129  22:08  Marine x5  
  130  22:09  Marauder x3, Marine x2  
  142  22:26  Marine  
  142  22:27  Marauder  
  142  22:28  Marine x3  
  148  22:30  Marauder  
  150  23:03  Command Center  
  135  23:09  Command Center  
  112  23:17  Marine  
  112  23:18  Marauder, Marine x5  
Show
View Real Time Build Order
Export as new Build Order

Taku Protoss 

Build Orders: 1 Gate Expand, Oracle Opening 

Get SALT Encoding   

  12  0:01  Probe  
  13  0:13  Probe  
  14  0:17  Pylon  
  14  0:24  Probe  
  15  0:32  Probe  
  15  0:38  Gateway  
  15  0:40  Probe  
  17  0:50  Assimilator  
  17  0:52  Probe  
  18  1:00  Probe  
  18  1:08  Probe  
  20  1:18  Probe  
  21  1:30  Nexus  
  20  1:36  Assimilator  
  19  1:51  Cybernetics Core  
  19  1:56  Pylon  
  19  1:57  Probe  
  20  2:09  Probe  
  21  2:20  Adept  
  21  2:21  Probe  
  22  2:28  Stargate  
  24  2:31  Warp Gate  
  24  2:35  Probe  
  25  2:40  Stalker  
  25  2:42  Probe  
  26  2:48  Probe  
  29  2:54  Probe  
  30  3:02  Oracle  
  33  3:25  Probe x2  
  35  3:35  Twilight Council  
  35  3:37  Probe x2  
  35  3:39  Gateway x2  
  37  3:49  Probe  
  37  3:50  Probe  
  39  3:57  Pylon  
  39  4:01  Probe  
  39  4:02  Probe  
  41  4:06  Blink  
  41  4:14  Probe x2  
  43  4:26  Probe x2  
  43  4:30  Phoenix  
  47  4:33  Stalker x2  
  51  4:38  Pylon  
  51  4:41  Assimilator, Zealot  
  50  5:08  Stalker x3  
  56  5:19  Probe x2  
  58  5:31  Probe  
  58  5:32  Probe  
  60  5:38  Nexus  
  60  5:39  Stalker  
  62  5:46  Pylon  
  62  5:48  Forge  
  62  5:53  Pylon  
  62  5:56  Charge, Pylon  
  63  6:04  Stalker, Probe  
  63  6:05  Stalker x2  
  69  6:17  Probe  
  69  6:18  Probe  
  71  6:21  Assimilator  
  71  6:28  Gateway  
  71  6:29  Gateway  
  71  6:30  Probe  
  71  6:31  Probe  
  71  6:32  Gateway  
  73  6:37  Robotics Facility  
  73  6:42  Probe  
  73  6:44  Probe  
  72  6:50  Pylon  
  72  6:52  Shield Battery  
  72  6:57  Shield Battery  
  72  6:59  Photon Cannon  
  72  7:04  Photon Cannon  
  72  7:13  Probe x3  
  75  7:19  Stalker x3, Observer  
  75  7:22  Protoss Ground Armor Level 1  
  82  7:32  Templar Archives  
  82  7:45  Forge  
  80  7:52  Pylon  
  80  7:54  Pylon  
  80  7:55  Zealot  
  80  7:56  Zealot x4  
  80  7:58  Pylon  
  88  8:01  Observer  
  89  8:24  Psionic Storm  
  89  8:26  Pylon  
  89  8:27  Zealot x6  
  89  8:30  Protoss Ground Weapons Level 1  
  101  8:38  Gateway  
  101  8:40  Warp Prism  
  103  8:41  Gateway  
  103  8:43  Gateway  
  103  8:46  Pylon  
  103  8:47  Probe x3  
  106  8:50  High Templar x4  
  114  9:01  Probe x3  
  117  9:07  Assimilator  
  117  9:09  Assimilator  
  117  9:11  Pylon  
  117  9:14  Shield Battery  
  117  9:26  Zealot, High Templar x3  
  117  9:27  Zealot  
  117  9:29  Nexus  
  127  9:32  Pylon  
  127  9:34  Pylon  
  127  9:36  Pylon  
  108  9:59  Stalker x3  
  111  10:00  Stalker x4  
  101  10:07  Archon  
  95  10:20  Nexus  
  93  10:24  Stalker x2  
  93  10:25  Zealot x6  
  95  10:55  High Templar x2  
  95  10:56  Zealot x7  
  107  11:20  Probe  
  108  11:25  Assimilator  
  108  11:29  Assimilator  
  108  11:32  Probe  
  109  11:40  Protoss Ground Armor Level 2  
  109  11:41  Protoss Ground Weapons Level 2  
  109  11:43  Gateway  
  109  11:44  Gateway, Probe  
  110  11:47  Photon Cannon  
  110  11:50  Pylon  
  110  11:52  Pylon, Shield Battery  
  110  11:55  Photon Cannon, Probe  
  110  11:56  Probe x2  
  110  11:58  Photon Cannon  
  110  11:59  Photon Cannon  
  113  12:02  High Templar x6  
  113  12:06  Archon  
  113  12:08  Archon, Probe x2  
  127  12:17  Probe x2  
  127  12:20  Probe x2  
  131  12:23  High Templar  
  131  12:29  Probe  
  104  12:38  High Templar x2  
  104  12:39  Stalker  
  104  12:40  Stalker, Zealot x3  
  104  12:41  Zealot  
  108  13:01  Stalker x5  
  119  13:05  Probe x2  
  119  13:06  Probe x2  
  119  13:12  Assimilator  
  122  13:17  Probe  
  122  13:18  Probe x3  
  117  13:30  Probe x4  
  117  13:33  Observer  
  122  13:47  Observer  
  122  13:58  Pylon  
  122  14:11  Stalker x4  
  122  14:12  Stalker x5  
  116  14:27  High Templar x2  
  111  14:54  Probe x4  
  111  14:56  Photon Cannon  
  111  14:57  Photon Cannon  
  115  15:00  Shield Battery  
  115  15:04  Pylon  
  115  15:06  Probe x2  
  117  15:30  High Templar x8  
  117  15:31  Zealot x3  
  117  15:34  Archon x2  
  139  15:42  Robotics Bay  
  139  15:49  Probe  
  140  15:50  Probe x2  
  140  15:53  Stalker x3  
  106  16:12  Archon x2  
  94  16:29  Stalker x7  
  94  16:30  Zealot  
  94  16:31  Stalker x3  
  108  17:00  Stalker x5  
  108  17:01  Stalker  
  118  17:02  Stalker x3  
  116  17:19  Probe  
  116  17:20  Probe x3  
  118  17:32  Protoss Ground Weapons Level 3  
  118  17:33  Protoss Ground Armor Level 3  
  118  17:43  Stalker x2  
  121  17:44  Zealot x3  
  113  18:07  High Templar x3  
  113  18:08  Zealot x6  
  113  18:09  Zealot x2  
  115  18:47  Archon  
  113  18:54  Stalker x5  
  113  18:55  Stalker x6  
  91  19:20  Zealot x4  
  91  19:21  High Templar x5  
  91  19:22  Stalker x2  
  111  19:27  Probe x3  
  113  19:40  Gateway  
  113  19:41  Gateway  
  113  19:49  Stalker x6  
  125  20:00  Zealot  
  125  20:01  Zealot x4  
  125  20:05  Gateway x2  
  135  20:12  Zealot  
  135  20:13  Zealot x4  
  135  20:14  Zealot  
  129  20:29  High Templar x5  
  133  20:45  Colossus  
  121  20:52  High Templar x2  
  127  21:01  Zealot x3  
  127  21:02  Zealot x9  
  127  21:03  Zealot  
  153  21:15  Nexus  
  153  21:18  Pylon  
  153  21:20  Pylon  
  149  21:39  Observer  
  126  21:57  Warp Prism  
  100  22:06  High Templar x5  
  100  22:07  Zealot x3  
  100  22:08  Zealot x6  
  114  22:09  Zealot  
  120  22:31  Assimilator  
  120  22:37  Assimilator  
  120  22:40  Shield Battery  
  120  22:41  Photon Cannon  
  120  22:42  Photon Cannon  
  120  22:49  High Templar  
  120  22:50  High Templar  
  120  22:51  High Templar  
  126  22:52  Zealot x3, Nexus  
  126  22:53  Stalker  
  120  23:12  Archon  
  92  23:15  Stalker x6  
  92  23:26  High Templar  
Tags
 
Add a new tag
Caveats
  • Supply blocks, unpowered buildings, or Contaminate may cause inaccurate times.
  • Supply counts are checked every 10 seconds.